[Event "*** Titled Tuesday Blitz"]
[Site "Chess.com"]
[Date "2021.02.16"]
[Round "10"]
[White "Fortitudine"]
[Black "HanSchut"]
[Result "1-0"]
[WhiteElo "2333"]
[BlackElo "2226"]
[TimeControl "180+1"]
[EndTime "11:59:11 PST"]
[Termination "Fortitudine won by resignation"]

1. c4 Nf6 2. g3 d5 3. cxd5 Nxd5 4. Bg2 c5 5. Nc3 Nc7 6. d3 Nc6 7. Be3 e5 8. Rc1 Bd7 9. Nf3 f6 10.
O-O b6 11. a3 Rc8 12. Ne4 Be7 13. Rb1 Nd5 14. Bd2 a5 15. Nc3 Be6 16. e3 O-O 17. Qe2 Qd7 18. Rfd1 Rfd8 19. Ne4 h6 20. Be1 Bf8 21.
h4 Qf7 22. Nfd2 Be7 23. Nc4 Rb8 24. Rdc1 Rdc8 25. Kh2 Qf8 26. Nc3 Nxc3 27. bxc3 Bxc4 28. dxc4 Kh8 29. Bd5 Bd6 30. e4 Ne7 31. Rd1 Bc7 32.
Qg4 f5 33. exf5 Qxf5 34. Qxf5 Nxf5 35. Be6 Rf8 36. Rd7 Bd8 37. Rbd1 Ne7 38. R1d6 Ng8 39. Kg2 Nf6 40. Ra7 e4 41. Bd2 b5 42. cxb5 Rxb5 43. Be3 Rb6 44. Bxc5 Rxd6 45. Bxd6 Re8 46. Bf7 Bb6 47.
Rb7 Rb8 48. Bxb8 1-0

[Event "*** Titled Tuesday Blitz"]
[Site "Chess.com"]
[Date "2021.02.16"]
[Round "10"]
[White "MasterKroket"]
[Black "Unknown_IM"]
[Result "1-0"]
[WhiteElo "2515"]
[BlackElo "2391"]
[TimeControl "180+1"]
[EndTime "11:59:12 PST"]
[Termination "MasterKroket won by resignation"]

1. d4 Nf6 2. c4 c5 3. d5 b5 4. cxb5 a6 5. bxa6 Bxa6 6. Nc3 d6 7. e4 Bxf1 8. Kxf1 g6 9. Nf3 Bg7 10. g3 O-O 11. Kg2 Nbd7 12. a4 Qb6 13. Qc2 Rfb8 14. Ra3 Ng4 15. Nb5 Nge5 16. Nxe5 Nxe5 17. f4 Nd7 18. Be3 Qb7 19. h4 h5 20. Rf1 Nf6 21. Qc4 Ng4 22. Bc1 f5 23. exf5 gxf5 24. Re1 Nf6 25. Nc3 Kf8 26. Kh3 Qb4 27. Qd3 Ne4 28. Nxe4 fxe4 29. Rxe4 c4 30. Rxc4 Qe1 31. Qf5+ Kg8 32.
Qe6+ Qxe6+ 33. dxe6 Bxb2 34. Bxb2 Rxb2 35. Rc7 Kf8 36. a5 Re2 37. f5 Rf2 38. a6 Rxf5 39. Rb7 Rc5 40. a7 Rcc8 41. Rd7 Kg7 42. Rf3 Re8 43.
Rf7+ Kg6 44. Rfxe7 Rxe7 45. Rxe7 Kf6 46. Rb7 Kxe6 47.
g4 hxg4+ 48. Kxg4 Kf6 49. Kf4 Ke6 50. Ke4 d5+ 51. Kd4 Kd6 52. h5 Kc6 53. Rg7 Kb6 54. h6 Rh8 55. h7 1-0

[Event "*** Titled Tuesday Blitz"]
[Site "Chess.com"]
[Date "2021.02.16"]
[Round "10"]
[White "1g60-1"]
[Black "moventog"]
[Result "0-1"]
[WhiteElo "2104"]
[BlackElo "2320"]
[TimeControl "180+1"]
[EndTime "11:59:12 PST"]
[Termination "moventog won on time"]

1. Nf3 Nf6 2. b3 g6 3. Bb2 Bg7 4. e3 O-O 5. d4 c5 6. dxc5 Qa5+ 7. c3 Qxc5 8. Ba3 Qa5 9. Bxe7 Re8 10. Bb4 Qc7 11. Bd3 d5 12. O-O Nc6 13. Ba3 Ne4 14. Bb2 Bg4 15. h3 Bxf3 16. Qxf3 Ne5 17. Qd1 Rac8 18. Qc2 Qa5 19. Bxe4 dxe4 20. c4 Qb6 21.
Nc3 Nd3 22. Nd5 Qd6 23. Bxg7 Kxg7 24. Qc3+ f6 25. Rfd1 Qxd5 26. Qc2 Qe5 27. Rab1 b5 28. Qd2 b4 29. Qe2 a5 30. f4 Qc5 31. Qg4 f5 32. Qe2 Rcd8 33. Rd2 Rd7 34. Re1 Red8 35. Red1 Qe7 36.
Kh1 Nc5 37. Rxd7 Rxd7 38. Rf1 Rd3 39. Re1 Qf6 40. g4 Qh4 0-1

[Event "*** Titled Tuesday Blitz"]
[Site "Chess.com"]
[Date "2021.02.16"]
[Round "10"]
[White "AlexOstrovskiy"]
[Black "maxip32"]
[Result "1-0"]
[WhiteElo "2752"]
[BlackElo "2536"]
[TimeControl "180+1"]
[EndTime "11:59:14 PST"]
[Termination "AlexOstrovskiy won on time"]

1. d4 Nf6 2. Bf4 g6 3. Nc3 d5 4.
e3 Bg7 5. h4 h6 6. Nf3 Bg4 7.
Qd2 c6 8. Ne5 Nbd7 9. f3 Be6 10.
O-O-O Qa5 11. Kb1 Nxe5 12. Bxe5 h5 13. Be2 Qd8 14. Rdg1 Qd7 15. g4 Kf8 16. Qd1 Ne8 17. gxh5 Bxe5 18. dxe5 Rxh5 19. f4 Rh8 20. h5 Kg7 21. hxg6 Rxh1 22. Rxh1 fxg6 23. Bd3 Bf5 24. Ne2 Bxd3 25. cxd3 Nc7 26. Ng3 Rh8 27. Rg1 Qh3 28. f5 gxf5 29. Nxf5+ Kf8 30. Ng3 Ne6 31. Rh1 Qxg3 32. Rxh8+ Kg7 33. Qh1 Qxe5 34. Qh7+ Kf6 35. Rg8 1-0

[Event "*** Titled Tuesday Blitz"]
[Site "Chess.com"]
[Date "2021.02.16"]
[Round "10"]
[White "A-S-00"]
[Black "ErikBlomqvist"]
[Result "1-0"]
[WhiteElo "2347"]
[BlackElo "2512"]
[TimeControl "180+1"]
[EndTime "11:59:14 PST"]
[Termination "A-S-00 won by resignation"]

1. d4 Nf6 2. c4 e6 3. Nf3 Bb4+ 4. Bd2 a5 5. g3 O-O 6. Bg2 d5 7. O-O Be7 8. Qc2 c6 9. b3 b5 10.
c5 Nbd7 11. Bf4 Ba6 12. Nbd2 b4 13. Rfe1 Nh5 14. e4 Nxf4 15. gxf4 dxe4 16. Nxe4 Qc7 17. Ne5 Bb5 18. a4 bxa3 19. Rxa3 f6 20. Nf3 Qxf4 21. Nc3 e5 22. Nxb5 cxb5 23. b4 axb4 24. Qa2+ b3 25.
Qxb3+ Kh8 26. Rxa8 Rxa8 27. Qe6 Nxc5 28. dxc5 Bxc5 29. Qc6 Bxf2+ 30. Kxf2 Ra2+ 31. Kg1 h6 32. Bh3 g5 33. Be6 g4 34. Qe8+ 1-0

[Event "*** Titled Tuesday Blitz"]
[Site "Chess.com"]
[Date "2021.02.16"]
[Round "10"]
[White "HouseOfDurin"]
[Black "ChelsieMonica"]
[Result "0-1"]
[WhiteElo "2158"]
[BlackElo "2332"]
[TimeControl "180+1"]
[EndTime "11:59:14 PST"]
[Termination "ChelsieMonica won by resignation"]

1. d4 Nf6 2. Bg5 c5 3. Bxf6 gxf6 4. c3 cxd4 5. cxd4 d5 6. Nc3 Nc6 7. a3 Bg7 8. e3 O-O 9. g3 f5 10. Bg2 e6 11. Nge2 b6 12. O-O Ba6 13. b4 Bc4 14.
Na4 Rc8 15. Qd2 Qd7 16. Rfc1 Nxd4 17. Nxd4 Qxa4 18. Bf1 Rc7 19. Rc3 Rfc8 20. Rac1 Be5 21. f4 Bf6 22. h3 Qa6 23. Bxc4 Rxc4 24. Rxc4 Rxc4 25. Rc3 Qc8 26. Rxc4 Qxc4 27. Kf2 Bxd4 28. exd4 Qb3 29. Qe3 Qd1 30. Kg2 Qb1 31. Qd2 Qe4+ 32. Kf2 Qh1 33. h4 Qh2+ 34. Ke3 Qxg3+ 35. Ke2 Qxh4 36.
Qc3 Qxf4 37. Qc8+ Kg7 38. Qd8 h6 39. Kd3 Qe4+ 40. Kc3 Qe3+ 41. Kc2 Qxd4 42. Kb3 Qd3+ 43. Kb2 d4 44. Qd6 Qc3+ 45. Ka2 d3 46. Qg3+ Kh7 47. Qc7 Qxc7 0-1

[Event "*** Titled Tuesday Blitz"]
[Site "Chess.com"]
[Date "2021.02.16"]
[Round "10"]
[White "JiiHart"]
[Black "Chamal_Gedgafov"]
[Result "0-1"]
[WhiteElo "2112"]
[BlackElo "2323"]
[TimeControl "180+1"]
[EndTime "11:59:14 PST"]
[Termination "Chamal_Gedgafov won by resignation"]

1. e4 e6 2. d4 d5 3. Nc3 Bb4 4. e5 c5 5. a3 Bxc3+ 6. bxc3 Ne7 7. Qg4 Qc7 8. Qxg7 Rg8 9. Qxh7 cxd4 10. Ne2 Nbc6 11. f4 Bd7 12. Qd3 dxc3 13. Rb1 d4 14. Nxd4 Nxd4 15. Qxd4 Nd5 16. Rg1 Bc6 17. g4 b6 18. Ba6 Rd8 19. Qf2 Qd7 20. Bd3 Ba4 21. h4 Ne7 22. h5 Nc6 23. Be3 Nd4 24. h6 Qd5 25. Bxd4 Qxd4 26. h7 Rh8 27. Qxd4 Rxd4 28. f5 Rxh7 29. fxe6 Rh2 30. exf7+ Kxf7 31. g5 Rd5 32.
g6+ Kg7 33. Rb4 Rxe5+ 34. Re4 Rxe4+ 35. Bxe4 Bxc2 36. Rg4 Bxe4 37. Rxe4 c2 38. Rc4 Kxg6 39.
Rc7 Kf5 40. a4 Ke4 41. Rc3 Kd4 42. Rc7 Kd3 43. Rc8 Rh1+ 44. Kf2 c1=Q 0-1

[Event "*** Titled Tuesday Blitz"]
[Site "Chess.com"]
[Date "2021.02.16"]
[Round "10"]
[White "vovachesss"]
[Black "HackingKid98"]
[Result "0-1"]
[WhiteElo "2631"]
[BlackElo "2490"]
[TimeControl "180+1"]
[EndTime "11:59:15 PST"]
[Termination "HackingKid98 won by resignation"]

1. e4 c6 2. d4 d5 3. e5 Bf5 4. h4 h5 5. Bd3 Bxd3 6. Qxd3 e6 7. Bg5 Qa5+ 8. Nd2 Qa6 9. c4 dxc4 10. Nxc4 Bb4+ 11.
Ke2 Ne7 12. a3 Nf5 13. Nf3 Be7 14. Bxe7 Kxe7 15. a4 Nd7 16. b4 Nb6 17. Nfd2 Rhd8 18. b5 cxb5 19. axb5 Qxb5 20. Rhb1 Qd5 21. Qa3+ Ke8 22. Nxb6 Qxg2 23. Nf3 axb6 24. Qxa8 Rxa8 25. Rxa8+ Kd7 26. Ra3 Nxd4+ 27. Nxd4 Qe4+ 28. Kd2 Qxb1 29. Rd3 Ke7 30. Ke3 Qe1+ 31. Kf3 Qxe5 32. Rd2 b5 33. Ne2 b4 34. Nd4 b3 35. Nxb3 Qc3+ 36. Rd3 Qxd3+ 0-1

[Event "*** Titled Tuesday Blitz"]
[Site "Chess.com"]
[Date "2021.02.16"]
[Round "10"]
[White "SanchezKelvin"]
[Black "esteban062000"]
[Result "1-0"]
[WhiteElo "2401"]
[BlackElo "2183"]
[TimeControl "180+1"]
[EndTime "11:59:15 PST"]
[Termination "SanchezKelvin won by resignation"]

1. d4 Nf6 2. c4 e6 3. Nf3 Bb4+ 4. Nbd2 b6 5. g3 Bb7 6. Bg2 O-O 7. O-O Bxd2 8. Bxd2 d6 9. b4 Nbd7 10. c5 dxc5 11.
dxc5 bxc5 12. bxc5 Nxc5 13. Bb4 Nce4 14. Bxf8 Qxf8 15.
Qc2 c5 16. Ng5 Nd6 17. Qxc5 Bxg2 18. Kxg2 h6 19. Nf3 Nfe4 20. Qa3 Qd8 21. Rab1 Nc4 22.
Qd3 Ned2 23. Qxd8+ Rxd8 24. Nxd2 Rxd2 25. Rfc1 Nb6 26. a3 Rxe2 27. Rc7 Nd5 28. Rb8+ Kh7 29. Rxf7 Kg6 30. Rxa7 e5 31. Rd7 Nf6 32. Re7 e4 33. Rbb7 Nh5 34. g4 Nf4+ 35. Kg3 Nd5 36. Rxg7+ Kf6 37. Rbf7+ Ke6 38. Ra7 Ra2 39. Ra6+ Ke5 40. Ra5 Kd4 41. Rd7 1-0

[Event "*** Titled Tuesday Blitz"]
[Site "Chess.com"]
[Date "2021.02.16"]
[Round "10"]
[White "bogcsab"]
[Black "Evachess2006"]
[Result "1-0"]
[WhiteElo "2140"]
[BlackElo "1602"]
[TimeControl "180+1"]
[EndTime "11:59:15 PST"]
[Termination "bogcsab won by resignation"]

1. d4 d5 2. Nf3 Nf6 3. g3 Bf5 4. Bg2 e6 5. O-O Nbd7 6. b3 Bd6 7. Bb2 O-O 8. c4 c6 9. Nbd2 b6 10. Ne5 Bxe5 11. dxe5 Ne4 12. Nxe4 Bxe4 13. Bxe4 dxe4 14. Qd4 Nc5 15. Rad1 Qxd4 16. Rxd4 Rfd8 17. Rfd1 Rxd4 18. Rxd4 Kf8 19. Ba3 Ke7 20. Rd6 Rd8 21. Bxc5 bxc5 22. Rxc6 Rd1+ 23. Kg2 Rd2 24. Rc7+ Kf8 25. Rxa7 Rxe2 26.
Kf1 Rb2 27. Rc7 Rxa2 28. Rxc5 Rb2 29. Rb5 Ke7 30. Rb7+ Ke8 31. c5 g6 32. c6 Rc2 33. Rb6 Rc5 34. b4 Rxe5 35. b5 f5 36. Rb8+ Ke7 37. c7 Rc5 38. c8=Q Rxc8 39. Rxc8 Kd7 40.
Rh8 h5 41. Rh7+ Kd6 42. b6 1-0

[Event "*** Titled Tuesday Blitz"]
[Site "Chess.com"]
[Date "2021.02.16"]
[Round "10"]
[White "Nikolakis2014"]
[Black "ViditYT"]
[Result "0-1"]
[WhiteElo "2650"]
[BlackElo "2989"]
[TimeControl "180+1"]
[EndTime "11:59:16 PST"]
[Termination "ViditYT won by resignation"]

1. Nf3 c5 2. c4 Nc6 3. Nc3 g6 4. e3 Bg7 5. d4 d6 6. d5 Ne5 7.
Nxe5 Bxe5 8. Bd3 Bg7 9. O-O Nf6 10. e4 O-O 11. h3 e5 12. dxe6 Bxe6 13. Bf4 Qb6 14. Rb1 Nd7 15. Qc2 Ne5 16. Be2 Rad8 17. Rfd1 Rfe8 18. Bf1 Nc6 19. Bg5 Rd7 20. Nd5 Bxd5 21.
Rxd5 h6 22. Bf4 Nb4 23. Qa4 Nxd5 24. Qxd7 Rd8 25. Qg4 Nc3 26. Re1 Qxb2 27. h4 h5 28. Qf3 Nxa2 29. Bg5 Re8 30. Rd1 Be5 31. Rd2 Qa1 32. Bf4 Nb4 33. Rxd6 Bxd6 34. Bxd6 Qd4 35. e5 Nc6 36. Qf6 Nxe5 37. Be7 Ng4 38. Qg5 Qxf2+ 0-1

[Event "*** Titled Tuesday Blitz"]
[Site "Chess.com"]
[Date "2021.02.16"]
[Round "10"]
[White "Mikhail_Golubev"]
[Black "lilleper1"]
[Result "0-1"]
[WhiteElo "2569"]
[BlackElo "2831"]
[TimeControl "180+1"]
[EndTime "11:59:16 PST"]
[Termination "lilleper1 won by checkmate"]

1. e4 c5 2. Nf3 e6 3. d4 cxd4 4. Nxd4 Nc6 5. Nc3 Qc7 6. Be3 a6 7. a3 b5 8. Nxc6 Qxc6 9. Bd3 Bb7 10. O-O Nf6 11. Qe2 h5 12. Kh1 Ng4 13. Bd2 Bc5 14. f4 Qb6 15. h3 O-O-O 16. b4 Bd4 17. a4 g5 18. axb5 axb5 19. Nxb5 Bxa1 20. Rxa1 Nf2+ 21. Kh2 Nxd3 22. Qxd3 d5 23. Be3 d4 24. Bxd4 Rxd4 25.
Nxd4 Rd8 26. Qc3+ Qc7 27. Qxc7+ Kxc7 28. c3 gxf4 29. e5 Rg8 30. Rg1 Rg3 31. Ne2 Re3 32.
Nxf4 Rxe5 33. Rd1 h4 34. g3 hxg3+ 35. Kxg3 Re3+ 36. Kg4 Rxc3 37. Rd4 Rc1 38. Nd3 Rg1+ 39. Kf4 f6 40. Rc4+ Kd6 41. Nc5 Bd5 42. Rc3 Rf1+ 43. Ke3 f5 44. b5 Rf3+ 45. Kd4 e5# 0-1

[Event "*** Titled Tuesday Blitz"]
[Site "Chess.com"]
[Date "2021.02.16"]
[Round "10"]
[White "German_Bazeev"]
[Black "Sergey85Rodchenkov"]
[Result "1-0"]
[WhiteElo "2743"]
[BlackElo "2514"]
[TimeControl "180+1"]
[EndTime "11:59:17 PST"]
[Termination "German_Bazeev won by resignation"]

1. d4 Nf6 2. Nf3 b6 3. c4 Bb7 4.
Nc3 e6 5. Bg5 Bb4 6. Nd2 h6 7. Bh4 g5 8. Bg3 Bxc3 9. bxc3 d6 10.
f3 Nbd7 11. e4 e5 12. Be2 h5 13. Nf1 h4 14. Bf2 Qe7 15. Ne3 Nf8 16. Nf5 Qd8 17. c5 Bc8 18. cxd6 Bxf5 19. dxe5 cxd6 20. exf6 Be6 21. Qa4+ Nd7 22. Bd4 Kf8 23. Rd1 Rh6 24. Qc6 Nxf6 25. Be3 Ne8 26. O-O Rc8 27. Qa4 Rg6 28. Qxa7 Rxc3 29. Bxb6 Qc8 30. Be3 Rc2 31. Rc1 g4 32. Qa4 gxf3 33. Rxc2 Rxg2+ 34. Kh1 fxe2 35. Re1 Qd8 36. Kxg2 h3+ 37. Kf2 Qf6+ 38. Kxe2 Bg4+ 39. Kd2 Qf3 40. Qd4 Qg2+ 41. Kc1 Qf3 42. a4 1-0

[Event "*** Titled Tuesday Blitz"]
[Site "Chess.com"]
[Date "2021.02.16"]
[Round "10"]
[White "OlifantCZ"]
[Black "InitiatingASC"]
[Result "1-0"]
[WhiteElo "2326"]
[BlackElo "2418"]
[TimeControl "180+1"]
[EndTime "11:59:18 PST"]
[Termination "OlifantCZ won on time"]

1. c4 Nf6 2. g3 e6 3. Bg2 d5 4.
Nf3 c5 5. O-O Nc6 6. cxd5 exd5 7. d4 Be7 8. dxc5 Bxc5 9. Nc3 O-O 10. Na4 Be7 11. Be3 Ne4 12. Rc1 Be6 13. Nc5 Nxc5 14.
Bxc5 Qa5 15. Bxe7 Nxe7 16. a3 Rac8 17. Nd4 Rfd8 18. e3 Qa6 19. Qd2 Bg4 20. Rxc8 Rxc8 21. Rc1 Rc4 22. Bf1 Rxc1 23. Qxc1 Qa5 24. b4 Qb6 25.
Nb3 h5 26. Qc5 Qxc5 27. Nxc5 b6 28. Nb3 Nc6 29. Bb5 Ne5 30. Nd2 Kf8 31. f4 Nf3+ 32. Nxf3 Bxf3 33. Kf2 Be4 34. Ke2 Ke7 35. Kd2 f6 36.
Kc3 g5 37. h4 gxh4 38. gxh4 Bg6 39. Kd4 Kd6 40. Be2 Bf7 41. Bf3 Kc6 42. a4 a6 43. Be2 b5 44. a5 Kd6 45. Bf3 Kc6 46. e4 dxe4 47. Bxe4+ Kd6 48. Bb7 Be8 49. Bxa6 Kc7 50. Kc5 1-0

[Event "*** Titled Tuesday Blitz"]
[Site "Chess.com"]
[Date "2021.02.16"]
[Round "10"]
[White "MrTattaglia"]
[Black "agartha01"]
[Result "1-0"]
[WhiteElo "2765"]
[BlackElo "2493"]
[TimeControl "180+1"]
[EndTime "11:59:19 PST"]
[Termination "MrTattaglia won by checkmate"]

1. e4 c5 2. Nf3 e6 3. d4 cxd4 4. Nxd4 a6 5. Bd3 Nc6 6. Ne2 Nf6 7. Nbc3 d6 8. Be3 Be7 9. Qd2 O-O 10. O-O-O b5 11. f3 Bb7 12. g4 Nd7 13. g5 Nce5 14. Rdf1 Nc5 15. Kb1 Rc8 16. Nc1 Ncxd3 17. Nxd3 Nc4 18.
Qe2 Qc7 19. Bc1 d5 20. exd5 exd5 21. h4 Rfe8 22. Qg2 d4 23. Ne4 Bxe4 24. fxe4 Bd6 25.
g6 fxg6 26. h5 Rf8 27. hxg6 h6 28. e5 Nxe5 29. Qd5+ Kh8 30. Rxf8+ Rxf8 31. Bxh6 gxh6 32. Rxh6+ Kg7 33. Rh7+ Kxg6 34. Qe4+ Kg5 35. Qh4+ Kf5 36. Qh3+ Ke4 37. Qg2+ Ke3 38. Rh4 Nf3 39. Qf2# 1-0

[Event "*** Titled Tuesday Blitz"]
[Site "Chess.com"]
[Date "2021.02.16"]
[Round "10"]
[White "Chesseyat004"]
[Black "krzyzan94"]
[Result "1-0"]
[WhiteElo "2512"]
[BlackElo "2725"]
[TimeControl "180+1"]
[EndTime "11:59:19 PST"]
[Termination "Chesseyat004 won on time"]

1. e4 d5 2. exd5 Qxd5 3. Nc3 Qd8 4. d4 Nf6 5. Nf3 g6 6. h3 Bg7 7. Bc4 O-O 8. O-O c6 9. Re1 Nbd7 10. Ne2 b5 11. Bb3 c5 12. c3 Bb7 13. Bf4 a6 14. Ne5 c4 15. Bc2 Nd5 16. Bh2 Nxe5 17.
Bxe5 Qb6 18. Bxg7 Kxg7 19. Qd2 Qd6 20. Ng3 Nf4 21. Be4 Bxe4 22. Rxe4 Nd5 23. h4 Nf6 24. Re5 Rad8 25. Rae1 Ng8 26. h5 e6 27. Qe3 Kh8 28. f4 Ne7 29. Kf2 Nd5 30. Qf3 Rde8 31. hxg6 fxg6 32.
Ne2 Qd8 33. g3 Rf5 34. Rh1 Ref8 35. Qg4 Rxe5 36. dxe5 Qb6+ 37. Ke1 Kg8 38. Nd4 Re8 39. Qh3 Qb7 40. Nxe6 Ne3 41. Nd4 h5 42. Rh2 Qe4 43. Re2 Qb1+ 44. Kf2 Ng4+ 45. Kg2 Qd3 46. Qh4 Kg7 47.
Qg5 Ne3+ 48. Kh2 Ng4+ 49. Kh3 1-0

[Event "*** Titled Tuesday Blitz"]
[Site "Chess.com"]
[Date "2021.02.16"]
[Round "10"]
[White "c_r_e_e_p_e_r"]
[Black "GelmanAlexander"]
[Result "1-0"]
[WhiteElo "2391"]
[BlackElo "2563"]
[TimeControl "180+1"]
[EndTime "11:59:19 PST"]
[Termination "c_r_e_e_p_e_r won by resignation"]

1. e4 c5 2. Nf3 e6 3. d4 cxd4 4. Nxd4 a6 5. Nc3 d6 6. Bd3 Nf6 7. O-O Nbd7 8. Qe2 b5 9. f4 Bb7 10. Kh1 b4 11. Nd1 h5 12. e5 dxe5 13. fxe5 Nc5 14.
Nxe6 Nxe6 15. exf6 h4 16. Bg6 Qd5 17. fxg7 h3 18.
Bxf7+ Kd8 19. gxh8=Q hxg2+ 20. Kg1 gxf1=Q+ 21. Qxf1 Kc7 22. Bf4+ Nxf4 23. Bxd5 Bc5+ 24. Nf2 Rxh8 25. Qc4 Nh3+ 26. Kf1 Kd6 27. Bxb7 Bxf2 28. Qd3+ Ke6 29. Bd5+ Ke5 30. Qe4+ Kd6 31. Qe6+ Kc5 32. Qc6+ Kd4 33. Qc4+ Ke3 34. Bg2 Nf4 35. Qe4+ Kd2 36. Qxf4+ Be3 37. Qd6+ Kxc2 38. Be4+ Kxb2 39. Qe5+ Ka3 40. Qxh8 1-0

[Event "*** Titled Tuesday Blitz"]
[Site "Chess.com"]
[Date "2021.02.16"]
[Round "10"]
[White "TST2014"]
[Black "queen_iryna"]
[Result "0-1"]
[WhiteElo "2543"]
[BlackElo "2384"]
[TimeControl "180+1"]
[EndTime "11:59:21 PST"]
[Termination "queen_iryna won on time"]

1. d4 d6 2. Nf3 g6 3. e4 Nf6 4. Bd3 Bg7 5. O-O O-O 6. c3 Nc6 7. Bg5 h6 8. Bh4 e5 9. d5 Ne7 10. c4 Ne8 11. Nc3 f5 12. exf5 gxf5 13. Nd2 Nf6 14. f3 c6 15. dxc6 bxc6 16. Nb3 Be6 17. Qe2 Ng6 18. Bg3 Nh5 19. Rad1 Nhf4 20. Qc2 h5 21. Ne2 Nxe2+ 22. Bxe2 h4 23. Bf2 Qg5 24. Kh1 Nf4 25. Rg1 Nh5 26. Rxd6 Ng3+ 27.
Bxg3 hxg3 28. h3 Rae8 29. c5 Kh8 30. Bc4 Bc8 31. Rxc6 f4 32. Rd1 Qh5 33. Rxc8 Rxc8 34. Be6 Rcd8 35. c6 Qg6 36. Bd7 Qxc2 37. Rc1 Qxb2 38. Bg4 Qxc1+ 0-1

[Event "*** Titled Tuesday Blitz"]
[Site "Chess.com"]
[Date "2021.02.16"]
[Round "10"]
[White "safikiet"]
[Black "Fiona"]
[Result "1-0"]
[WhiteElo "2305"]
[BlackElo "2136"]
[TimeControl "180+1"]
[EndTime "11:59:21 PST"]
[Termination "safikiet won by resignation"]

1. d4 d6 2. c4 e5 3. Nc3 exd4 4.
Qxd4 Nc6 5. Qd2 Nf6 6. b3 Be7 7. g3 Bf5 8. Bg2 O-O 9. e4 Bg6 10. f4 h6 11. f5 Bh5 12. h3 Ne5 13. g4 Bxg4 14. hxg4 Nfxg4 15. Nf3 Nxf3+ 16. Bxf3 Bh4+ 17. Kf1 Ne5 18. Qf4 Bg5 19. Qg3 f6 20. Bxg5 fxg5 21. Kg2 c6 22. Rad1 Qa5 23. Be2 Rad8 24. Rh3 Qc5 25. Qe3 Qa5 26. Qd2 Qc7 27. Bh5 Rf6 28.
Ne2 Rdf8 29. Nd4 g6 30. Be2 gxf5 31. Nxf5 Ng6 32. Rxh6 Nf4+ 33. Kg1 Rxh6 34. Nxh6+ Kg7 35. Nf5+ Kg6 36. Qxd6+ Qxd6 37. Rxd6+ Kh7 38. Bg4 Rf7 39. e5 Ng6 40. e6 Rc7 41. Rd7+ 1-0

[Event "*** Titled Tuesday Blitz"]
[Site "Chess.com"]
[Date "2021.02.16"]
[Round "10"]
[White "night_player"]
[Black "Kurkusha"]
[Result "0-1"]
[WhiteElo "2186"]
[BlackElo "2357"]
[TimeControl "180+1"]
[EndTime "11:59:22 PST"]
[Termination "Kurkusha won by resignation"]

1. e4 e5 2. Nf3 Nc6 3. Bb5 Nf6 4.
O-O Nxe4 5. Re1 Nd6 6. Nxe5 Be7 7. Nxc6 dxc6 8. Bf1 O-O 9. d4 Nf5 10. c3 Bd6 11. g3 Qf6 12. Nd2 Qg6 13. Ne4 Be6 14.
Nxd6 cxd6 15. Bg2 h5 16. Qd2 Rfe8 17. Qg5 Qxg5 18. Bxg5 f6 19. Bd2 Kf7 20. b3 a5 21.
Rab1 a4 22. bxa4 Re7 23. Rb4 Ra7 24. a3 c5 25. dxc5 dxc5 26. Rb2 Rxa4 27. Bxb7 Rxa3 28. Bf3 g6 29. Rb6 Bc4 30. Rxe7+ Nxe7 31. Kg2 Ra1 32. Bb7 Bd5+ 33. Bxd5+ Nxd5 34. Rd6 Ne7 35. Rc6 Nxc6 36.
Be3 c4 37. Kf3 Ne5+ 38. Ke4 Rd1 39. Bd4 Ng4 40. h3 Nh6 41. Kd5 Nf5 42. Kxc4 Nxd4 43. cxd4 Ke6 44. d5+ Rxd5 0-1

[Event "*** Titled Tuesday Blitz"]
[Site "Chess.com"]
[Date "2021.02.16"]
[Round "10"]
[White "jacky72"]
[Black "vladimirdamjanovic"]
[Result "1-0"]
[WhiteElo "2693"]
[BlackElo "2541"]
[TimeControl "180+1"]
[EndTime "11:59:23 PST"]
[Termination "jacky72 won by checkmate"]

1. d4 Nc6 2. Nf3 Nf6 3. d5 Nb8 4. c4 g6 5. Nc3 Bg7 6. e4 d6 7. h3 O-O 8. Be3 a5 9. Qd2 Na6 10. Bh6 Nc5 11. Bxg7 Kxg7 12. Qd4 e5 13. dxe6 Nxe6 14. Qe3 Nc5 15. Bd3 Re8 16. O-O b6 17. Nd2 Bb7 18. Rfe1 Nfd7 19. Bc2 Qf6 20. Rad1 Ne5 21. Nb5 Rac8 22. Na7 Ra8 23. Nb5 Rac8 24. b3 Nc6 25. Bb1 Ba6 26. Nc3 Qd4 27. Qg3 Qf6 28. Nd5 Qb2 29. Nf3 Kg8 30. Qh4 Nd7 31. e5 Ncxe5 32. Ng5 h5 33. g4 Bb7 34. gxh5 Bxd5 35. hxg6 fxg6 36. Qh7+ Kf8 37. Rxd5 Nf6 38. Qh8+ Ng8 39. Qh4 Nf6 40. Qh6+ Kg8 41. Rdxe5 Rxe5 42. Qxg6+ Kh8 43. Nf7# 1-0

[Event "*** Titled Tuesday Blitz"]
[Site "Chess.com"]
[Date "2021.02.16"]
[Round "10"]
[White "igorcadilhac"]
[Black "StockholmMissile"]
[Result "1-0"]
[WhiteElo "2379"]
[BlackElo "2519"]
[TimeControl "180+1"]
[EndTime "11:59:23 PST"]
[Termination "igorcadilhac won by checkmate"]

1. e4 e5 2. Nf3 Nc6 3. Bb5 a6 4. Ba4 Nf6 5. d3 b5 6. Bb3 Bc5 7. O-O d6 8. c3 O-O 9. a4 Bg4 10. h3 Bh5 11. Bg5 Rb8 12. axb5 axb5 13. Nbd2 h6 14.
Bh4 g5 15. Bg3 Bb6 16. Ra6 Ne7 17. Qc2 Ng6 18. d4 Re8 19. Rd1 Qc8 20. Raa1 Nf4 21. Bxf4 gxf4 22. Qd3 Kh8 23. dxe5 dxe5 24. Qe2 Rg8 25.
Kh2 Rg7 26. Qxb5 Bxf3 27. Nxf3 Bxf2 28. Qxe5 Bg3+ 29. Kh1 Nh7 30. Bxf7 Rxb2 31. Be6 Qf8 32. Rd7 Rb8 33. Rad1 Nf6 34. Rxc7 Rxc7 35. Qxc7 Nxe4 36. Ne5 Nf2+ 37. Kg1 Nxh3+ 38. gxh3 Bf2+ 39. Kxf2 Rb2+ 40. Kf1 Qg7 41. Rd8+ Kh7 42. Bf5# 1-0

[Event "*** Titled Tuesday Blitz"]
[Site "Chess.com"]
[Date "2021.02.16"]
[Round "10"]
[White "AlexTriapishko"]
[Black "Skat2704"]
[Result "1-0"]
[WhiteElo "2826"]
[BlackElo "2554"]
[TimeControl "180+1"]
[EndTime "11:59:24 PST"]
[Termination "AlexTriapishko won by resignation"]

1. d4 d5 2. c4 e6 3. Nf3 Nf6 4. g3 dxc4 5. Bg2 Nc6 6. Qa4 Bb4+ 7. Bd2 Nd5 8. Bxb4 Nxb4 9. O-O Rb8 10. Na3 a6 11. Ne5 O-O 12. Nxc6 Nxc6 13. Qxc4 Qxd4 14. Bxc6 Qxc4 15. Nxc4 bxc6 16. b3 Rd8 17. Rac1 Bd7 18. Ne5 a5 19. Rc5 a4 20. bxa4 Ra8 21.
Rd1 Be8 22. Rxd8 Rxd8 23. Nxc6 Ra8 24. a5 Bxc6 25. Rxc6 Rxa5 26. Rxc7 g6 27. Rc2 h5 28. Kg2 Ra3 29. h4 Kg7 30. e3 Kf6 31. Kf3 Ke5 32.
Rd2 Ra4 33. Ke2 Ke4 34. Rd4+ Rxd4 35. exd4 Kxd4 36. a4 Kc4 37. Ke3 Kb4 38. Kd4 f6 39. a5 Kxa5 40. Kc5 e5 41. Kd5 Kb5 42. Ke6 1-0

[Event "*** Titled Tuesday Blitz"]
[Site "Chess.com"]
[Date "2021.02.16"]
[Round "10"]
[White "Problematique_99"]
[Black "Vugar_Manafov"]
[Result "0-1"]
[WhiteElo "2473"]
[BlackElo "2665"]
[TimeControl "180+1"]
[EndTime "11:59:24 PST"]
[Termination "Vugar_Manafov won by resignation"]

1. e4 Nf6 2. Nc3 d5 3. exd5 Nxd5 4. Qf3 c6 5. Bc4 e6 6. Nge2 Nd7 7. d4 Be7 8. O-O O-O 9. Ne4 N7f6 10. c3 a5 11. a4 b6 12. Nxf6+ Bxf6 13. Ng3 Ba6 14. Bxa6 Rxa6 15. Ne4 Ra8 16. Bf4 Nxf4 17. Qxf4 Be7 18. Rfe1 Qd5 19. Qc7 Bd8 20. Qe5 Be7 21. Qc7 Bd8 22.
Qe5 Ra7 23. Nd2 Bf6 24. Qe2 b5 25. Ne4 Be7 26. Qd3 Rd8 27. Re3 b4 28. Rh3 h6 29. Rg3 Kh8 30. Rf3 Bf8 31. Rd1 bxc3 32. bxc3 Qb3 33. g4 Rd5 34. c4 Qxd3 35. Rfxd3 Rd8 36.
d5 cxd5 37. cxd5 Rad7 38. d6 f5 39. Nc5 Rxd6 40. Rxd6 Rxd6 41. Rxd6 Bxd6 42. Nxe6 fxg4 43. Nd4 Kh7 44. Nf5 Bc7 45. Kg2 Kg6 46. Ne7+ Kg5 47. Nd5 Be5 48. h3 gxh3+ 49. Kxh3 Kf5 50. Kg2 Ke4 51. Nb6 Bc7 52. Nc4 Kd4 53. Ne3 Ke4 54. Nc4 h5 55. Kh3 g5 56. Kg2 g4 57. Nd2+ Kd3 58. Nb3 Bb6 59. f3 gxf3+ 60. Kxf3 Kc2 0-1

[Event "*** Titled Tuesday Blitz"]
[Site "Chess.com"]
[Date "2021.02.16"]
[Round "10"]
[White "catzapto"]
[Black "LamaChampetre"]
[Result "0-1"]
[WhiteElo "2095"]
[BlackElo "2198"]
[TimeControl "180+1"]
[EndTime "11:59:25 PST"]
[Termination "LamaChampetre won on time"]

1. e4 c5 2. Nf3 g6 3. c3 d5 4.
exd5 Qxd5 5. Na3 Bg7 6. d4 cxd4 7. Nb5 Na6 8. Nfxd4 Nf6 9. c4 Qe4+ 10. Qe2 O-O 11. Bd2 Bd7 12. f3 Qxe2+ 13. Bxe2 e5 14. Nb3 e4 15. Nc3 exf3 16. Bxf3 Rfe8+ 17. Be2 Bg4 18. Nc1 Rad8 19. h3 Bxe2 20. N1xe2 Nb4 21. O-O-O Nd3+ 22. Kc2 Ne4 23. Nxe4 Rxe4 24. Bc3 Rxe2+ 25. Kb3 Ree8 26.
Kc2 Bxc3 27. bxc3 Nf2 28. Rxd8 Rxd8 29. Rb1 b6 30. a4 Ne4 31. a5 Rd2+ 32. Kc1 Rxg2 33.
axb6 axb6 34. Rxb6 Nxc3 35. c5 Nd5 36. Rb8+ Kg7 37.
c6 Rg3 38. Kd2 Rxh3 39. Rd8 Ne7 40. c7 Rh5 41. Rd7 Nc8 42. Rd8 Nb6 0-1